[Event "2025 Chess.com Botwinnik Rapid toernooi"]
[Site "Zoetermeer, Netherlands"]
[Date "????.??.??"]
[Round "4.5"]
[White "Roesink, Veron"]
[Black "Grochal, Joey"]
[Result "0-1"]
[TimeControl "15+5"]
[BlackTitle "FM"]
[WhiteFideId "8378909"]
[BlackFideId "7926875"]
[WhiteElo "1930"]
[BlackElo "2272"]

1. e4 c5 2. Nf3 Nc6 3. d4 cxd4 4. Nxd4 Nf6 5. Nc3 e6 6. Be3 Bb4 7. Bd3 d5 8. Nxc6 bxc6 9.
exd5 cxd5 10. O-O O-O 11. Bd4 Re8 12. Re1 Bb7 13. Qf3 Bd6 14. Be5 Bxe5 15. Rxe5 Qc7 16. Rg5 Qe7 17. Qg3 g6 18.
Re1 Red8 19. h4 Rac8 20. h5 Ne4 21. Bxe4 dxe4 22. hxg6 hxg6 23. Qf4 Rd4 24. Qh4 Qf6 25. Re3 Rc5 26. Reg3 Rxg5 27. Qxg5 Qxg5 28. Rxg5 Rd2 29.
Rb5 Bd5 30. Nxd5 exd5 31. c3 f5 32.
Kf1 f4 33. Ke1 e3 34. fxe3 fxe3 35. g4 Kf7 36. Rb7+ Kf6 37. Rxa7 Rxb2 38. Rd7 Ke5 39. Re7+ Kf4 40. a4 Kf3 41.
Rf7+ Ke4 42. Re7+ Kd3 43. Kf1 Rb1+ 44. Kg2 e2 0-1

[Event "2025 Chess.com Botwinnik Rapid toernooi"]
[Site "Zoetermeer, Netherlands"]
[Date "????.??.??"]
[Round "4.6"]
[White "Li-Behn, Tobias"]
[Black "Van der Werf, Joël"]
[Result "1/2-1/2"]
[TimeControl "15+5"]
[WhiteFideId "8747783"]
[BlackFideId "8301040"]
[WhiteElo "1992"]
[BlackElo "2113"]

1. e4 c5 2. Nf3 Nc6 3. c4 e5 4. Nc3 g6 5. g3 Bg7 6. Bg2 Nge7 7. O-O O-O 8. d3 d6 9. h3 h6 10. Be3 f5 11. Qd2 Kh7 12. exf5 Nxf5 13.
g4 Nfd4 14. Bxd4 cxd4 15. Ne4 a5 16. Rae1 Rf4 17. Ng3 Qf8 18. Nh2 Bd7 19. Ne2 Rf7 20. Be4 Qd8 21. f4 Qh4 22. Rf3 Raf8 23.
Ref1 Nd8 24. Kg2 Bc6 25. Bd5 Bxd5 26. cxd5 exf4 27. Rxf4 Be5 28. Rxf7+ Rxf7 29. Rxf7+ Nxf7 30. Nf3 Qe7 31. Qxa5 Ng5 32. Qd2 1/2-1/2

[Event "2025 Chess.com Botwinnik Rapid toernooi"]
[Site "Zoetermeer, Netherlands"]
[Date "????.??.??"]
[Round "4.8"]
[White "Vermeulen, Aad"]
[Black "Van den Berg, Jaap"]
[Result "0-1"]
[TimeControl "15+5"]
[WhiteFideId "8465831"]
[BlackFideId "7651391"]
[WhiteElo "1769"]
[BlackElo "1842"]

1. e4 e5 2. Nf3 Nc6 3. Bb5 d6 4. d4 exd4 5. Nxd4 Bd7 6. Nxc6 bxc6 7. Be2 g6 8. O-O Bg7 9. c3 Nf6 10.
Qc2 O-O 11. Nd2 Re8 12. Bd3 c5 13. f3 Bc6 14. b3 d5 15. exd5 Nxd5 16. Bb2 Ne3 17. Qb1 Nxf1 18. Qxf1 Qh4 19.
Be4 Bxe4 20. Nxe4 Rad8 21. Qc4 Qh6 22. Qxc5 Qf4 23. Bc1 Rd1+ 24. Kf2 Rxc1 25. Ke1 0-1

[Event "2025 Chess.com Botwinnik Rapid toernooi"]
[Site "Zoetermeer, Netherlands"]
[Date "????.??.??"]
[Round "5.1"]
[White "Lai, Hing Ting"]
[Black "Smit, Manuel"]
[Result "1-0"]
[TimeControl "15+5"]
[WhiteTitle "IM"]
[WhiteFideId "8324987"]
[BlackFideId "7689517"]
[WhiteElo "2484"]
[BlackElo "2016"]

1. d4 Nf6 2. Nf3 c5 3. d5 b5 4. Bg5 e6 5. Nc3 b4 6. Ne4 Bb7 7. c4 bxc3 8. Bxf6 gxf6 9. Nxc3 f5 10.
e3 Bg7 11. Bc4 Na6 12. O-O Bxc3 13. bxc3 Nc7 14. d6 Nd5 15. Rc1 Qf6 16. Qd2 Rg8 17. Ne1 Qe5 18. Be2 f4 19. e4 Nb6 20.
f3 f5 21. Nd3 Qg7 22. Nxf4 e5 23. exf5 exf4 24. Bb5 O-O-O 25. Rf2 Nd5 26. Bc4 Ne3 27. Bxg8 Rxg8 28. Rb1 Qe5 29. Qb2 Qd5 30.
f6 Rf8 31. Qb5 Rxf6 32. Rfb2 Rxd6 33. Qxb7+ Qxb7 34. Rxb7 Rd2 35. R7b2 Rd3 36. Rc1 Nd5 37. Kf2 d6 38. g3 fxg3+ 39. hxg3 Nxc3 40. Rb3 Nxa2 41. Rxc5+ dxc5 42. Rxd3 Nb4 43. Rc3 Kd7 44. Ke2 Kd6 45. Kd2 a5 46. Ra3 Nc6 47. Ra4 Kd5 48.
f4 h5 49. Ke3 c4 50. f5 Kc5 51. f6 Kd6 52. Kf4 Ke6 53. Rxc4 Nd8 54. Rc8 Nf7 55. Rc6+ Kd5 56. Ra6 a4 57. Rxa4 Ke6 58. Ra6+ Kd5 59. Kf5 Nh6 60. Kg6 Ng4 61. f7 Ne5+ 62. Kg7 1-0

[Event "2025 Chess.com Botwinnik Rapid toernooi"]
[Site "Zoetermeer, Netherlands"]
[Date "????.??.??"]
[Round "5.2"]
[White "Van Vliet, Jeffrey"]
[Black "Tjiam, Dharma"]
[Result "1-0"]
[TimeControl "15+5"]
[WhiteTitle "FM"]
[BlackTitle "IM"]
[WhiteFideId "7890839"]
[BlackFideId "6383751"]
[WhiteElo "2387"]
[BlackElo "2364"]

1. e4 d6 2. d4 Nf6 3. f3 g6 4. c4 Bg7 5. Nc3 O-O 6. Be3 Nc6 7. Qd2 a6 8. Rc1 e5 9. d5 Ne7 10.
c5 Nd7 11. cxd6 cxd6 12. Bd3 f5 13. Nge2 Rf7 14. O-O f4 15. Bf2 Bf8 16. Rc2 g5 17. Rfc1 Rg7 18. Kf1 g4 19. fxg4 Rxg4 20.
Ng1 Qe8 21. Be2 Rg7 22. Bf3 Nf6 23. h3 Bd7 24. Qe2 Qg6 25. a4 Nf5 26. b3 Nd4 27. Bxd4 exd4 28. Nd1 Re8 29. Nf2 b5 30.
Rc7 Nxd5 31. Rxd7 Ne3+ 32. Ke1 Rxd7 33. Nd3 d5 34. e5 Rdd8 35. axb5 axb5 36. Bh5 Qg3+ 37. Qf2 Nxg2+ 38. Ke2 Re7 39.
Nf3 Qxf2+ 40. Kxf2 Rg7 41. Nxd4 Ra8 42. Bf3 Ra2+ 43. Rc2 Rxc2+ 44. Nxc2 Ne3 45. Nd4 Nc4 46. Bxd5+ Kh8 47. bxc4 bxc4 48. Bxc4 Rc7 49. Bb5 Rc3 50. Ne2 Rb3 51. Bc4 Rb1 52.
Nexf4 Be7 53. Kf3 Kg7 54. Ke4 Rh1 55. Be6 Rf1 56. Bg4 Rg1 57. e6 Rh1 58. Nd5 Kf8 59. Nxe7 Kxe7 60. Kf5 h5 61.
Bxh5 Rxh3 62. Nf4 Re3 63. Nd5+ 1-0

[Event "2025 Chess.com Botwinnik Rapid toernooi"]
[Site "Zoetermeer, Netherlands"]
[Date "????.??.??"]
[Round "5.3"]
[White "Grochal, Joey"]
[Black "Smeets, Kobe"]
[Result "0-1"]
[TimeControl "15+5"]
[WhiteTitle "FM"]
[BlackTitle "FM"]
[WhiteFideId "7926875"]
[BlackFideId "8659420"]
[WhiteElo "2272"]
[BlackElo "2364"]

1. d4 d5 2. c4 c6 3. Nf3 Nf6 4. Nc3 dxc4 5. a4 e6 6. e3 c5 7. Bxc4 cxd4 8. exd4 Nc6 9. O-O Be7 10.
d5 exd5 11. Nxd5 Nxd5 12. Bxd5 O-O 13. Qb3 Bf6 14. Rd1 Qb6 15. Qxb6 axb6 16. Be3 Bxb2 17. Ra2 Bf6 18. Bxc6 bxc6 19. Bxb6 Be6 20. Ra3 Bb2 21.
Re3 Rxa4 22. h3 h6 23.
Nd4 Bd5 24. Nf5 Rb8 25. Bc5 Kh7 26.
Ne7 Rb5 27. Bd6 Bb3 28. Rde1 c5 29. Be5 Be6 30. f4 Bxe5 31. Rxe5 Rxf4 32. Rc1 Rb2 33. Nd5 Bxd5 34. Rxd5 Rff2 35. Rdxc5 Rxg2+ 36. Kf1 Rh2 37.
Ke1 0-1

[Event "2025 Chess.com Botwinnik Rapid toernooi"]
[Site "Zoetermeer, Netherlands"]
[Date "????.??.??"]
[Round "5.4"]
[White "Grooten, Herman"]
[Black "Vrolijk, Liam"]
[Result "0-1"]
[TimeControl "15+5"]
[WhiteTitle "IM"]
[BlackTitle "GM"]
[WhiteFideId "7375115"]
[BlackFideId "8428871"]
[WhiteElo "2157"]
[BlackElo "2510"]

1. d4 Nf6 2. c4 e6 3. Nf3 d5 4. Nc3 Bb4 5. cxd5 exd5 6. Bg5 h6 7. Bh4 O-O 8. e3 Bf5 9.
Qb3 Bxc3+ 10. bxc3 Nbd7 11. Be2 c5 12. O-O c4 13. Qb2 Qb6 14. Qc1 Rfe8 15. Nd2 Qe6 16. Re1 b5 17. a4 a6 18.
Bf1 Nb6 19. a5 Na4 20. f3 Bd3 21. e4 g5 22. Bg3 Bxf1 23. Kxf1 dxe4 24. Nxe4 Nxe4 25. fxe4 f5 26. exf5 Qxf5+ 27. Kg1 Qd3 28. Ra3 Re4 29. Be5 Rf8 30. h4 Rxh4 31. Rd1 Qe2 32. Bg3 Rg4 33. Re1 Qd3 34. Re3 Rf1+ 35. Qxf1 Qxe3+ 36. Bf2 Qd3 37. Qxd3 cxd3 38. Be3 Re4 39. Kf2 Nb2 40. Bc1 Re2+ 41. Kf3 d2 42. Bxd2 Rxd2 0-1

[Event "2025 Chess.com Botwinnik Rapid toernooi"]
[Site "Zoetermeer, Netherlands"]
[Date "????.??.??"]
[Round "5.5"]
[White "Van der Werf, Joël"]
[Black "Bekker, Stefan"]
[Result "1/2-1/2"]
[TimeControl "15+5"]
[BlackTitle "FM"]
[WhiteFideId "8301040"]
[BlackFideId "8083141"]
[WhiteElo "2113"]
[BlackElo "2333"]

1. e4 c5 2. Nf3 d6 3. d4 cxd4 4. Nxd4 Nf6 5. Nc3 a6 6. h3 e5 7. Nde2 h5 8. g3 Nbd7 9. a4 Be7 10.
Bg2 b6 11. Nd5 Nxd5 12. Qxd5 Rb8 13. Nc3 Nf6 14. Qd3 Bb7 15. Bg5 Nd7 16. Bxe7 Kxe7 17. Nd5+ Bxd5 18. Qxd5 h4 19. g4 Qc7 20.
c3 g5 21. Bf1 Nf6 22. Qd3 Qc6 23. Bg2 b5 24. axb5 axb5 25. O-O Nd7 26. Ra7 Rb7 27. Rfa1 Rxa7 28. Rxa7 Qb6 29. Ra1 Rb8 30. Qf3 Nc5 31. Qf5 Ne6 32.
Bf1 Rh8 33. Bxb5 Qc7 34. Qf3 Rb8 35. c4 Nf4 36. Qe3 Rb7 37. Kh2 Kf6 38. Ra6 Ne6 39. Qf3+ Nf4 40. Qa3 Rb6 41. Qa5 Rb7 42.
Qxc7 Rxc7 43. Rxd6+ Ke7 44. Rd2 Ne6 45. Rd5 f6 46.
b4 Ra7 47. Rd2 Nd4 48. Kg2 Rb7 49. Ra2 Nxb5 1/2-1/2

[Event "2025 Chess.com Botwinnik Rapid toernooi"]
[Site "Zoetermeer, Netherlands"]
[Date "????.??.??"]
[Round "6.1"]
[White "Van Vliet, Jeffrey"]
[Black "Lai, Hing Ting"]
[Result "0-1"]
[TimeControl "15+5"]
[WhiteTitle "FM"]
[BlackTitle "IM"]
[WhiteFideId "7890839"]
[BlackFideId "8324987"]
[WhiteElo "2387"]
[BlackElo "2484"]

1. e4 c6 2. d4 d5 3. exd5 cxd5 4. Bd3 Nc6 5. c3 Qc7 6. Ne2 e6 7. Bf4 Bd6 8. Bxd6 Qxd6 9. Nd2 Nge7 10.
O-O O-O 11. f4 Bd7 12. Nf3 f6 13. Qe1 Be8 14. Qg3 Rd8 15.
Rae1 Bg6 16. Bxg6 Nxg6 17. Nh4 Nxh4 18. Qxh4 Ne7 19. Ng3 Rde8 20. Qg4 Nc6 21. Rf2 b5 22. a3 a5 23. Nh5 Rf7 24.
Rfe2 Nd8 25. f5 e5 26. dxe5 fxe5 27. Kh1 Nc6 28. h3 e4 29. Rd1 Qe5 30. f6 g6 31. Nf4 Rxf6 32. Nxd5 Rf7 33.
Ne3 Ref8 34. Red2 Ne7 35. Qe2 h5 36. Nd5 Nf5 37. Kg1 Ng3 38. Qe3 Rf1+ 39. Rxf1 Rxf1+ 40. Kh2 Rh1# 0-1

[Event "2025 Chess.com Botwinnik Rapid toernooi"]
[Site "Zoetermeer, Netherlands"]
[Date "????.??.??"]
[Round "6.3"]
[White "Smit, Manuel"]
[Black "Smeets, Kobe"]
[Result "0-1"]
[TimeControl "15+5"]
[BlackTitle "FM"]
[WhiteFideId "7689517"]
[BlackFideId "8659420"]
[WhiteElo "2016"]
[BlackElo "2364"]

1. Nf3 d5 2. e3 Nf6 3. b3 Bf5 4. Bb2 e6 5. Be2 h6 6. O-O Be7 7. d4 O-O 8. c4 c6 9. Nc3 Nbd7 10.
Rc1 a5 11. Bd3 Bxd3 12. Qxd3 Qb6 13. c5 Qc7 14. Nd2 Rfe8 15. f3 e5 16. Na4 Bf8 17. dxe5 Nxe5 18. Qd4 Ned7 19. Rfd1 Re6 20.
e4 dxe4 21. Nxe4 Rae8 22. Nd6 Rd8 23. Nf5 Re5 24. g4 Re2 25. Ng3 Rde8 26. Rd2 Ne5 27. Rf1 Re1 28. Kg2 Ng6 29. Rxe1 Rxe1 30.
Kf2 Qe7 31. Nf5 Qe6 32. Kg3 h5 33. h3 Re2 34. Qd3 Rxd2 35. Qxd2 Nd5 36. Nb6 Ndf4 37. Nd7 Be7 38. Nxe7+ Qxe7 39. Ne5 Qh4+ 40. Kh2 Nxh3 41. Nxg6 fxg6 42. Be5 Ng5+ 43. Kg2 Qh3+ 44. Kf2 Qxf3+ 45. Ke1 Qe4+ 46. Qe2 Nf3+ 47. Kf2 0-1

[Event "2025 Chess.com Botwinnik Rapid toernooi"]
[Site "Zoetermeer, Netherlands"]
[Date "????.??.??"]
[Round "6.4"]
[White "Timmerman, Gert"]
[Black "Habig, Bryan"]
[Result "1/2-1/2"]
[TimeControl "15+5"]
[WhiteTitle "FM"]
[WhiteFideId "6937590"]
[BlackFideId "8490900"]
[WhiteElo "2171"]
[BlackElo "2040"]

1. e4 c6 2. d4 d5 3. Nd2 dxe4 4. Nxe4 Bf5 5. Ng3 Bg6 6. Nf3 Nd7 7. h4 h6 8. h5 Bh7 9. Bd3 Bxd3 10. Qxd3 Ngf6 11. Bd2 e6 12. Qe2 Be7 13. O-O-O O-O 14.
Kb1 Qc7 15. Ne5 c5 16. Nxd7 Nxd7 17. d5 Qe5 18. dxe6 Qxe6 19. Bxh6 Qxe2 20. Nxe2 Ne5 21. Be3 Ng4 22. Nc3 Nxe3 23.
fxe3 Bg5 24. e4 Rad8 25. Rd5 Bd2 26. Rd1 Rxd5 27. exd5 Bxc3 28. bxc3 c4 29. a4 Rd8 30. Kb2 Kf8 31.
Ka3 a5 32. Rd4 Ke7 33. Rxc4 Rxd5 34.
Rc7+ Kf6 35. Rxb7 Rxh5 36. Rb5 Rh2 37. Rxa5 Rxg2 38. Ra6+ Ke5 39. Ra7 Rxc2 40. Kb3 Rf2 41. a5 g5 42. a6 Rf1 43. Rb7 Ra1 44.
Rb5+ Kf4 45. Rb4+ Ke5 46. Ra4 Rb1+ 47. Kc4 Rb8 48. Kc5 f5 49.
Kc6 Rc8+ 50. Kb7 Rg8 51. Rc4 g4 52. Rc5+ Kf4 53. a7 g3 54. Rc8 Rxc8 55. Kxc8 g2 56. a8=Q g1=Q 57. Qa4+ Kf3 58. Qc6+ Ke2 59. Qe6+ Qe3 60. Qxf5 Qxc3+ 1/2-1/2

[Event "2025 Chess.com Botwinnik Rapid toernooi"]
[Site "Zoetermeer, Netherlands"]
[Date "????.??.??"]
[Round "6.5"]
[White "Tjiam, Dharma"]
[Black "Van der Werf, Joël"]
[Result "1-0"]
[TimeControl "15+5"]
[WhiteTitle "IM"]
[WhiteFideId "6383751"]
[BlackFideId "8301040"]
[WhiteElo "2364"]
[BlackElo "2113"]

1. d4 Nf6 2. c4 e6 3.
Nc3 Bb4 4. e3 O-O 5. Bd3 d5 6.
Nge2 b6 7. a3 Be7 8. O-O Bb7 9. b3 Nbd7 10. Bb2 c5 11. cxd5 exd5 12. Rc1 Re8 13. Bb1 Rc8 14. dxc5 Nxc5 15.
Bf5 Ra8 16. Nf4 Bd6 17. Nce2 Be5 18. Bxe5 Rxe5 19. Bb1 Nce4 20. Qd4 Re8 21. Rfd1 Qe7 22. b4 Rad8 23. Ba2 h6 24. Nc3 Nxc3 25.
Rxc3 Qd7 26. Qd3 d4 27. Rcc1 dxe3 28. Qxd7 Rxd7 29. Rxd7 exf2+ 30. Kxf2 Nxd7 31. Rc7 Bc8 32. Rxa7 g5 33. Nd5 Kg7 34. h3 Ne5 35. Nxb6 Nd3+ 36.
Kg1 Be6 37. Bxe6 Rxe6 38. Nd5 Re1+ 39.
Kh2 h5 40. Re7 Ra1 41. Re3 Nf2 42. Kg3 Nd1 43. Rb3 Kg6 44. b5 h4+ 45. Kf3 f5 46. b6 Ra2 47. Ne7+ Kf6 48. Nxf5 Kxf5 49. Rb5+ Ke6 50. b7 Rxa3+ 51. Kg4 Ne3+ 52. Kh5 Ra7 53. b8=Q Kd5 1-0

[Event "2025 Chess.com Botwinnik Rapid toernooi"]
[Site "Zoetermeer, Netherlands"]
[Date "????.??.??"]
[Round "6.6"]
[White "Bekker, Stefan"]
[Black "Schrik, Rachid"]
[Result "1-0"]
[TimeControl "15+5"]
[WhiteTitle "FM"]
[BlackTitle "CM"]
[WhiteFideId "8083141"]
[BlackFideId "7623528"]
[WhiteElo "2333"]
[BlackElo "2087"]

1. e4 c5 2. Nf3 Nc6 3. Bb5 Nf6 4. Bxc6 dxc6 5. d3 Bg4 6. h3 Bh5 7. Be3 Nd7 8. g4 Bg6 9. Nbd2 e5 10.
Nc4 f6 11. a4 a5 12. Nh4 Bf7 13. Nf5 Qc7 14. Qd2 h5 15. Rg1 g6 16. Ng3 hxg4 17. hxg4 Be6 18. g5 f5 19. f4 Bxc4 20. dxc4 O-O-O 21.
O-O-O fxe4 22. f5 gxf5 23. Nxf5 Nb8 24. Qxd8+ Qxd8 25. Rxd8+ Kxd8 26. g6 Nd7 27. g7 Bxg7 28. Nxg7 Rh3 29. Bg5+ Kc7 30. Rd1 b6 31. Ne8+ Kc8 32.
Nd6+ Kc7 33. Nxe4 Rh2 34. Re1 Nf8 35. Bf6 Nd7 36. b3 Rg2 37. Be7 Rg4 38. Bd6+ Kb7 39. Nd2 Rg5 40. Nf3 Rf5 41.
Nxe5 Nf6 42. Nd3 Ng4 43. Re7+ Kc8 44. Ne5 Nxe5 45. Bxe5 Kd8 46. Re6 Kd7 47. Rd6+ Ke7 48. Bg3 Rf3 49.
Rd3 Rf1+ 50. Kb2 Rg1 51. Bc7 1-0

[Event "2025 Chess.com Botwinnik Rapid toernooi"]
[Site "Zoetermeer, Netherlands"]
[Date "????.??.??"]
[Round "6.8"]
[White "Van den Berg, Jaap"]
[Black "Wagner, Andr"]
[Result "0-1"]
[TimeControl "15+5"]
[WhiteFideId "7651391"]
[BlackFideId "7460365"]
[WhiteElo "1842"]
[BlackElo "1802"]

1. e4 e5 2. Nf3 Nc6 3. Bb5 a6 4. Ba4 Nf6 5. d3 b5 6. Bb3 d6 7. c3 Be7 8. Nbd2 Na5 9. Bc2 c5 10.
Nf1 O-O 11. Ng3 Nc6 12. O-O Re8 13. h3 Bf8 14. Bg5 g6 15. d4 Bg7 16. d5 Ne7 17. Qd2 Kh8 18. a4 Bd7 19. b3 Neg8 20.
a5 Qe7 21. b4 c4 22. Be3 Rec8 23. Nh2 h5 24. Bg5 Kh7 25. f4 Bh6 26. f5 Rf8 27. Be3 Bxe3+ 28. Qxe3 h4 29. Ne2 Nh5 30.
Bd1 g5 31. Qf3 Ngf6 32. Ng4 Kg7 33. Kh2 Nf4 34. Nxf4 exf4 35. Bc2 Nxg4+ 36. Qxg4 f6 37. Rxf4 Qe5 38. g3 hxg3+ 39. Kxg3 Qxf4+ 40. Qxf4 gxf4+ 41. Kxf4 Rg8 42. h4 Kh6 43. Rh1 Rae8 44. Bd1 Rg7 45. Rh3 Re5 46. Bf3 Be8 47. Ke3 Bh5 48. Kf4 Bxf3 49.
Kxf3 Kh5 0-1

[Event "2025 Chess.com Botwinnik Rapid toernooi"]
[Site "Zoetermeer, Netherlands"]
[Date "????.??.??"]
[Round "7.1"]
[White "Lai, Hing Ting"]
[Black "Vrolijk, Liam"]
[Result "1/2-1/2"]
[TimeControl "15+5"]
[WhiteTitle "IM"]
[BlackTitle "GM"]
[WhiteFideId "8324987"]
[BlackFideId "8428871"]
[WhiteElo "2484"]
[BlackElo "2510"]

1. d4 d5 2. Nf3 Nf6 3. Bf4 c5 4. e3 Nc6 5. c3 Qb6 6. Qb3 c4 7. Qc2 Bf5 8. Qc1 e6 9. Nbd2 Qd8 10. h3 h6 11. Be2 Be7 12. O-O O-O 13. b3 b5 14. Ne5 Nxe5 15. Bxe5 Qb6 16. Qb2 Rfc8 17.
a4 a6 18. bxc4 dxc4 19. Bxf6 1/2-1/2

[Event "2025 Chess.com Botwinnik Rapid toernooi"]
[Site "Zoetermeer, Netherlands"]
[Date "????.??.??"]
[Round "7.2"]
[White "Smeets, Kobe"]
[Black "Van Vliet, Jeffrey"]
[Result "0-1"]
[TimeControl "15+5"]
[WhiteTitle "FM"]
[BlackTitle "FM"]
[WhiteFideId "8659420"]
[BlackFideId "7890839"]
[WhiteElo "2364"]
[BlackElo "2387"]

1. e4 c5 2. Nf3 e6 3.
d4 cxd4 4. Nxd4 a6 5. Bd3 Qc7 6. O-O Nc6 7.
Nxc6 dxc6 8. Nd2 e5 9. a4 a5 10. Nc4 Nf6 11. Be3 Be6 12. Bb6 Qb8 13. Nxa5 Nd7 14. Nxc6 bxc6 15. Be3 Bc5 16.
Bxc5 Nxc5 17. b3 O-O 18. Qe2 Qb4 19. Rfd1 Rfd8 20. Qe3 Qc3 21. Rab1 g6 22. b4 Nxa4 23. Rdc1 Qd4 24. Qh6 Nc3 0-1

[Event "2025 Chess.com Botwinnik Rapid toernooi"]
[Site "Zoetermeer, Netherlands"]
[Date "????.??.??"]
[Round "7.3"]
[White "Bannink, Bernard"]
[Black "Tjiam, Dharma"]
[Result "0-1"]
[TimeControl "15+5"]
[WhiteTitle "FM"]
[BlackTitle "IM"]
[WhiteFideId "5987113"]
[BlackFideId "6383751"]
[WhiteElo "2213"]
[BlackElo "2364"]

1. d4 Nf6 2. Nc3 g6 3. e4 d6 4. Bg5 Bg7 5. e5 Nfd7 6.
f4 h6 7.
Bh4 g5 8. fxg5 dxe5 9. gxh6 Rxh6 10. Bg5 Rg6 11. h4 exd4 12. Ne4 Re6 13. Bd3 Nc5 14. Qf3 Qd5 15. Ne2 Nxe4 16. O-O Nf6 17.
Qg3 Bf8 18. Nf4 Qd6 19. Qh3 Nc6 20. Nxe6 Bxe6 21. Bf5 O-O-O 22. Rae1 Bxf5 23. Qxf5+ Kb8 24. Bxf6 exf6 25. Qxf6 Qxf6 26.
Rxf6 Be7 27. Rxf7 Bxh4 28. Re4 Bg5 29. a3 a5 30. Kf1 Bc1 31. g4 Rg8 32. b4 Bxa3 33. bxa5 Bd6 34. Ke2 Ne5 35.
Rf5 Nxg4 36. Rxd4 Ne5 37. Re4 Nc6 38. Kd3 Ka7 39. Ra4 Rg3+ 40. Kd2 Bb4+ 41. Kc1 Rc3 42. Kb2 Rc5 43. Rxc5 Bxc5 44.
Kc3 Ka6 45. Kc4 Bd6 46. Ra2 Nxa5+ 47. Kd5 b6 48. c4 Bc5 49. Ke4 Kb7 50. Kd3 Nc6 51. Rh2 Bd6 52. Rg2 Ne5+ 53. Kc3 Kc6 54. Rg5 Nd7 55. Rh5 Ne5 56.
Kd4 Nd7 57. Kc3 Nf6 58. Rh6 Kc5 59. Kd3 Be5 60. Rg6 Kb4 61. Rg5 Nd7 62. Rg4 Nc5+ 63. Kc2 Bd6 64. Rh4 Nd7 65. Kd3 Ne5+ 66. Ke4 Nxc4 67. Kd5 b5 68. Kc6 Ka5 69. Rh8 Ne5+ 70. Kd5 b4 71. Ra8+ Kb5 72. Rb8+ Ka4 73. Ke4 Kb3 74. Rb7 Kc2 75. Rb8 b3 76.
Rh8 b2 77. Rh2+ Kb3 78. Rh1 Ka2 79. Rh2 Ka1 0-1

[Event "2025 Chess.com Botwinnik Rapid toernooi"]
[Site "Zoetermeer, Netherlands"]
[Date "????.??.??"]
[Round "7.4"]
[White "Polak, Alexander"]
[Black "Bekker, Stefan"]
[Result "0-1"]
[TimeControl "15+5"]
[BlackTitle "FM"]
[WhiteFideId "8250913"]
[BlackFideId "8083141"]
[WhiteElo "2181"]
[BlackElo "2333"]

1. e4 c5 2. Nf3 d6 3. d4 cxd4 4. Nxd4 Nf6 5. Nc3 a6 6. Bg5 Nbd7 7. Qe2 Qa5 8. f4 e5 9. Nb3 Qc7 10. O-O-O h6 11. Bxf6 Nxf6 12. Nd5 Nxd5 13. exd5 Be7 14. fxe5 dxe5 15. Kb1 O-O 16. Qh5 a5 17.
Nd2 a4 18. a3 Bd7 19. Ne4 Bd6 20. g4 Be8 21. Qh4 f5 22. gxf5 Rxf5 23. Rg1 Kh8 24. Bd3 Rf4 25. Qg3 Bf8 26.
d6 Qf7 27. Nc5 Bc6 28. Bg6 Qf6 29.
Nd3 Bxd6 30. Nxf4 exf4 31. Qd3 Bc5 32. Rge1 f3 33. Be4 f2 34. Rf1 Rb8 35. Qg3 Rf8 36. Bxc6 bxc6 37. Rd3 Re8 38. Ka2 Qe6+ 39. b3 axb3+ 40. Rxb3 Qe2 41. Qd3 Qe6 42. Kb2 Qe5+ 43. Ka2 Qxh2 44. Qd7 Rf8 45. Qxc6 Bd4 46. Qc4 Qg2 47. Rb7 Bf6 48. Rc7 Qa8 49.
Rc6 Qb7 50. c3 Be5 51. Re6 Rb8 52. Qb4 Qd5+ 53. c4 Qxe6 0-1

[Event "2025 Chess.com Botwinnik Rapid toernooi"]
[Site "Zoetermeer, Netherlands"]
[Date "????.??.??"]
[Round "7.5"]
[White "Grochal, Joey"]
[Black "Timmerman, Gert"]
[Result "1-0"]
[TimeControl "15+5"]
[WhiteTitle "FM"]
[BlackTitle "FM"]
[WhiteFideId "7926875"]
[BlackFideId "6937590"]
[WhiteElo "2272"]
[BlackElo "2171"]

1. d4 f5 2. c4 Nf6 3. Nf3 g6 4.
Nc3 Bg7 5. g3 O-O 6. Bg2 d6 7.
O-O c6 8. d5 e5 9. dxe6 Bxe6 10. b3 Na6 11. Ng5 Qe7 12. Nxe6 Qxe6 13. Bb2 Rad8 14. Qd2 Nc5 15. Rad1 Rfe8 16.
e3 Nfe4 17. Nxe4 fxe4 18. Bxg7 Kxg7 19. Qa5 a6 20. Rd4 Qf5 21. Qc3 Qf6 22. Qc2 Qe6 23. b4 Nd7 24. Rxe4 Qf7 25. Rxe8 Rxe8 26.
Rd1 Qf6 27. Qd2 Re6 28. Qd4 Ne5 29. h3 h5 30. f4 Nd7 31. Kf2 Qxd4 32. exd4 Kf8 33. d5 cxd5 34. Bxd5 Rf6 35. Bxb7 g5 36. Rd4 Ne5 37. Ke3 h4 38.
fxe5 1-0

[Event "2025 Chess.com Botwinnik Rapid toernooi"]
[Site "Zoetermeer, Netherlands"]
[Date "????.??.??"]
[Round "7.6"]
[White "Grooten, Herman"]
[Black "Habig, Bryan"]
[Result "0-1"]
[TimeControl "15+5"]
[WhiteTitle "IM"]
[WhiteFideId "7375115"]
[BlackFideId "8490900"]
[WhiteElo "2157"]
[BlackElo "2040"]

1. d4 d5 2. c4 e6 3.
Nf3 c5 4. cxd5 exd5 5. g3 Nf6 6.
Bg2 Nc6 7. O-O Be7 8. dxc5 Bxc5 9.
a3 O-O 10. Bg5 Be7 11. Nc3 Be6 12. Nb5 h6 13. Bf4 Rc8 14. Nfd4 Bg4 15. h3 Bh5 16. Nxc6 Rxc6 17. Nd4 Rc8 18.
Nf5 Bc5 19. Nd4 Re8 20. g4 Bg6 21. Be3 Be4 22. Rc1 Qd7 23. Bxe4 dxe4 24. b4 Bb6 25. Nf5 Bxe3 26. Nxe3 Rxc1 27.
Qxc1 Rc8 28. Qb2 Qc7 29. Rd1 Qc3 30. Rd8+ Kh7 31. Qxc3 Rxc3 32. Rb8 b6 33. Rb7 Rxa3 34. Rxf7 Kg6 35.
Re7 h5 36. g5 Ng8 37. Re5 a5 38. Nd5 axb4 39. Nf4+ Kf7 40. Rxe4 b5 41. Rxb4 Ra4 42. Nd3 Rxb4 43. Nxb4 Kg6 44. h4 Kf5 45. f3 Ne7 46. Kf2 Ke5 47. e4 Kd4 48.
Kg3 Kc4 49. Na6 b4 50. Nxb4 Kxb4 51. Kf4 Ng6 52. Kg3 Kc4 53. f4 Kd4 54. f5 Kxe4 55. fxg6 Ke3 56. Kg2 Kf4 57. Kf2 Kg4 58. Ke3 Kg3 59. Ke4 Kxh4 60. Kf5 Kg3 61. Ke6 h4 62. Kf7 h3 63. Kxg7 h2 64. Kf8 h1=Q 65. g7 Qf3+ 66. Ke7 Qe4+ 67. Kf6 Qe8 68.
g6 Qg8 0-1